 Dungeon Crawl Stone Soup version 0.24-a0-205-g1d96822 (webtiles) character file.

Game seed: 6441767941496077605

706803 Mgcat the Executioner (level 27, -6/256 HPs)
             Began as a Ghoul Monk on Mar 27, 2019.
             Was an Elder of Qazlal.
             Killed from afar by an electric golem (35 damage)
             ... with a bolt of lightning
             ... on level 5 of the Realm of Zot on Mar 28, 2019.
             The game lasted 03:58:25 (78863 turns).

Mgcat the Executioner (Ghoul Monk)                 Turns: 78863, Time: 03:58:26

Health: -6/256     AC: 45    Str: 24 (30) XL:     27
Magic:  14/37      EV: 15    Int:  2 (8)  God:    Qazlal [****..]
Gold:   4326       SH: 22    Dex: 10 (14) Spells: 31/34 levels left

rFire    + + +     SeeInvis +   v - +7 broad axe (elec)
rCold    + + +     Gourm    .   o - +2 shield of Resistance {rF+ rC+ MR+}
rNeg     + + +     Faith    .   W - +12 gold dragon scales
rPois    ∞         Spirit   .   g - +2 helmet {SInv}
rElec    .         Reflect  .   w - +2 cloak {+Inv}
rCorr    .         Harm     .   F - +0 pair of fencer's gloves {Riposte Dex+3}
MR       ++++.                  N - +2 pair of boots
Stlth    ..........             z - macabre finger necklace {rN+}
HPRegen  0.00/turn              s - +4 ring of evasion
MPRegen  0.25/turn              e - ring of protection from magic {MR+, !d}
                                x - ring "Zexeil" {rF+ rC+ SInv Stlth+}

@: mighty, rotting, repel missiles
A: rotting body, claws 1, carnivore, cold resistance 1, negative energy
resistance 3, inhibited regeneration, torment resistance, unbreathing
}: 4/15 runes: decaying, serpentine, slimy, silver
a: Upheaval, Elemental Force, Renounce Religion, Evoke Invisibility


You were on level 5 of the Realm of Zot.
You worshipped Qazlal.
Qazlal was greatly pleased with you.
You were not hungry.

You visited 12 branches of the dungeon, and saw 58 of its levels.

You collected 9015 gold pieces.
You spent 4689 gold pieces at shops.

Inventory:

Hand Weapons
 v - a +7 broad axe of electrocution (weapon)
   (You took it off a tengu reaver on level 1 of the Depths)
 I - a +9 broad axe of venom
   (You acquired it on level 10 of the Dungeon)
Missiles
 B - 6 throwing nets {=f, !d}
Armour
 g - a +2 helmet of see invisible (worn)
   (You bought it in a shop on level 4 of the Depths)
 o - the +2 shield of Resistance (worn) {rF+ rC+ MR+}
   (You found it on level 5 of the Pits of Slime)

   It protects you from fire.
   It protects you from cold.
   It affects your resistance to hostile enchantments.
 w - a +2 cloak of invisibility (worn)
   (You took it off a draconian knight on level 1 of the Realm of Zot)
 F - the +0 pair of fencer's gloves (worn) {Riposte Dex+3}
   (You found it on level 9 of the Dungeon)

   It affects your dexterity (+3).
 N - a +2 pair of boots (worn)
   (You found it on level 3 of the Lair of Beasts)
 W - +12 gold dragon scales (worn)
   (You found it on level 3 of the Depths)
Jewellery
 e - a ring of protection from magic (right hand) {MR+, !d}
   (You found it on level 5 of the Dungeon)
 f - the ring of Oenomania {rElec rF+++ rN+ Str-3 Dex-4}
   (You found it on level 4 of the Depths)

   [ring of positive energy]

   It affects your strength (-3).
   It affects your dexterity (-4).
   It renders you almost immune to fire.
   It insulates you from electricity.
   It protects you from negative energy.
 s - a +4 ring of evasion (left hand)
   (You found it on level 2 of the Dungeon)
 x - the ring "Zexeil" (on amulet) {rF+ rC+ SInv Stlth+}
   (You found it on level 11 of the Dungeon)

   [ring of see invisible]

   It protects you from fire.
   It protects you from cold.
   It lets you see invisible.
   It makes you more stealthy.
 z - the macabre finger necklace (around neck) {rN+}
   (You found it on level 10 of the Dungeon)

   [amulet of nothing]

   It protects you from negative energy.
 X - the ring of Abstinence {+Fly MP+9}
   (You took it off an orc on level 13 of the Dungeon)

   [ring of flight]

   It affects your magic capacity (+9).
   It lets you fly.
Wands
 r - a wand of digging (23)
   (You found it on level 1 of the Lair of Beasts)
 E - a wand of acid (23)
   (You found it on level 9 of the Dungeon)
 G - a wand of iceblast (37)
   (You found it on level 1 of the Snake Pit)
Scrolls
 a - 22 scrolls of remove curse
 d - 3 scrolls of torment
 h - a scroll of enchant armour
 j - 15 scrolls of teleportation
 k - 6 scrolls of magic mapping {!r}
 y - 18 scrolls of identify
 L - 4 scrolls of fog
Potions
 b - 3 potions of ambrosia
 i - 10 potions of flight
 m - 5 potions of cancellation
 n - 27 potions of curing
 p - 4 potions of invisibility
 t - 12 potions of brilliance
 H - a potion of resistance
 J - a potion of magic
 P - 3 potions of agility
Miscellaneous
 M - a lamp of fire
   (You found it on level 4 of the Depths)
 Q - 3 sacks of spiders
 S - a phial of floods
   (You found it on level 3 of the Elven Halls)
 T - a lightning rod (4/4)
   (You found it on level 3 of the Lair of Beasts)
Comestibles
 c - 80 rations
 q - a chunk of flesh {@w0}


   Skills:
 + Level 22.7 Fighting
 + Level 23.0 Axes
 + Level 16.4 Armour
 + Level 16.3 Dodging
 - Level 2.1 Stealth
 + Level 16.4 Shields
 + Level 4.4 Spellcasting
 + Level 4.9 Charms
 + Level 5.3 Necromancy
 + Level 22.7 Invocations
 + Level 13.3 Evocations


You had 31 spell levels left.
You knew the following spells:

 Your Spells              Type           Power        Failure   Level  Hunger
a - Regeneration          Chrm/Necr      #.........   98%         3    ####...

Your spell library contained the following spells:

 Spells                   Type           Power        Failure   Level  Hunger
 Animate Skeleton         Necr           N/A          75%         1    ##.....
 Infusion                 Chrm           #...         80%         1    ##.....
 Song of Slaying          Chrm           #.......     91%         2    ###....
 Shroud of Golubria       Chrm/Tloc      #.........   99%         2    ###....
 Swiftness                Chrm/Air       #.......     99%         2    ###....
 Apportation              Tloc           #.....       100%        1    ##.....
 Confusing Touch          Hex            #.....       100%        1    ##.....
 Corona                   Hex            #......      100%        1    ##.....
 Flame Tongue             Conj/Fire      #....        100%        1    ##.....
 Magic Dart               Conj           #...         100%        1    ##.....
 Sandblast                Erth           #.....       100%        1    ##.....
 Shock                    Conj/Air       #...         100%        1    ##.....
 Sting                    Conj/Pois      #...         100%        1    ##.....
 Summon Butterflies       Summ           #.......     100%        1    ##.....
 Summon Small Mammal      Summ           #...         100%        1    ##.....
 Blink                    Tloc           N/A          100%        2    ###....
 Call Imp                 Summ           #.......     100%        2    ###....
 Ensorcelled Hibernation  Hex/Ice        #.....       100%        2    ###....
 Passwall                 Tmut/Erth      #.......     100%        2    ###....
 Poisonous Vapours        Pois/Air       #.....       100%        2    ###....
 Slow                     Hex            #.......     100%        2    ###....
 Sticks to Snakes         Tmut           #.......     100%        2    ###....
 Throw Flame              Conj/Fire      #.....       100%        2    ###....
 Throw Frost              Conj/Ice       #.....       100%        2    ###....
 Call Canine Familiar     Summ           #.......     100%        3    ####...
 Confuse                  Hex            #.......     100%        3    ####...
 Conjure Flame            Conj/Fire      #.......     100%        3    ####...
 Gell's Gravitas          Tloc           #.........   100%        3    ####...
 Ignite Poison            Fire/Tmut/Pois #.......     100%        3    ####...
 Inner Flame              Hex/Fire       #.......     100%        3    ####...
 Lesser Beckoning         Tloc           #.........   100%        3    ####...
 Mephitic Cloud           Conj/Pois/Air  #.......     100%        3    ####...
 Portal Projectile        Hex/Tloc       #.....       100%        3    ####...
 Spectral Weapon          Hex/Chrm       #.......     100%        3    ####...
 Static Discharge         Conj/Air       #.......     100%        3    ####...
 Stone Arrow              Conj/Erth      #.....       100%        3    ####...
 Summon Guardian Golem    Hex/Summ       #.......     100%        3    ####...
 Teleport Other           Tloc           #.......     100%        3    ####...
 Tukima's Dance           Hex            #.......     100%        3    ####...
 Airstrike                Air            #.........   100%        4    #####..
 Cause Fear               Hex            #.........   100%        4    #####..
 Force Lance              Conj/Tloc      #.......     100%        4    #####..
 Leda's Liquefaction      Hex/Erth       #.........   100%        4    #####..
 Olgreb's Toxic Radiance  Pois           #.......     100%        4    #####..
 Passage of Golubria      Tloc           N/A          100%        4    #####..
 Petrify                  Tmut/Erth      #.......     100%        4    #####..
 Sticky Flame             Conj/Fire      #.......     100%        4    #####..
 Summon Ice Beast         Ice/Summ       #.......     100%        4    #####..
 Summon Lightning Spire   Summ/Air       #.......     100%        4    #####..
 Throw Icicle             Conj/Ice       #.......     100%        4    #####..
 Fireball                 Conj/Fire      #.........   100%        5    ######.
 Lee's Rapid Deconstruct  Erth           #.........   100%        5    ######.
 Lightning Bolt           Conj/Air       #.........   100%        5    ######.
 Metabolic Englaciation   Hex/Ice        #.........   100%        5    ######.
 Silence                  Hex/Air        #.........   100%        5    ######.
 Venom Bolt               Conj/Pois      #.........   100%        5    ######.
 Yara's Violent Unravell  Hex/Tmut       #.........   100%        5    ######.
 Bolt of Cold             Conj/Ice       #.........   100%        6    #######
 Bolt of Fire             Conj/Fire      #.........   100%        6    #######
 Deflect Missiles         Chrm/Air       #.........   100%        6    #######
 Dispersal                Tloc           #.........   100%        6    #######
 Freezing Cloud           Conj/Ice/Air   #.........   100%        6    #######
 Ozocubu's Refrigeration  Ice            #.........   100%        6    #######
 Poison Arrow             Conj/Pois      #.........   100%        6    #######
 Simulacrum               Ice/Necr       #.........   100%        6    #######
 Haunt                    Necr/Summ      #.........   100%        7    #######
 Ring of Flames           Chrm/Fire      #.........   100%        7    #######
 Chain Lightning          Conj/Air       #.........   100%        8    #######
 Controlled Blink         Tloc           N/A          100%        8    #######
 Discord                  Hex            #.........   100%        8    #######
 Disjunction              Tloc           #.........   100%        8    #######
 Ignition                 Fire           #.........   100%        8    #######
 Infestation              Necr           #.........   100%        8    #######
 Lehudib's Crystal Spear  Conj/Erth      #.........   100%        8    #######
 Dragon's Call            Summ           #.........   100%        9    #######
 Fire Storm               Conj/Fire      #.........   100%        9    #######
 Glaciate                 Conj/Ice       #.........   100%        9    #######
 Beastly Appendage        Tmut           Unusable     N/A         1    N/A
 Spider Form              Tmut/Pois      Unusable     N/A         3    N/A
 Ice Form                 Ice/Tmut       Unusable     N/A         4    N/A
 Blade Hands              Tmut           Unusable     N/A         5    N/A
 Dragon Form              Tmut           Unusable     N/A         7    N/A
 Borgnjor's Revivificati  Necr           Unusable     N/A         8    N/A
 Death's Door             Chrm/Necr      Unusable     N/A         8    N/A
 Necromutation            Tmut/Necr      Unusable     N/A         8    N/A

Dungeon Overview and Level Annotations

Branches:
Dungeon (15/15)            Temple (1/1) D:4            Lair (6/6) D:9
  Swamp (4/4) Lair:2        Snake (4/4) Lair:4        Slime (5/5) Lair:6
    Orc (2/2) D:12            Elf (3/3) Orc:2        Vaults (5/5) D:13
  Crypt (3/3) Vaults:2       Tomb (0/3) Crypt:3      Depths (5/5) D:15
    Zot (5/5) Depths:5

Altars:
Ashenzari
Cheibriados
Dithmenos
Elyvilon
Fedhas
Gozag
Hepliaklqana
Kikubaaqudgha
Makhleb
Nemelex Xobeh
Okawaru
Qazlal
Ru
Sif Muna
Trog
Uskayaw
Vehumet
Wu Jian
Xom
Yredelemnul
Zin
The Shining One
Beogh
Lugonu

Shops:
D:7 *   D:8 :   D:10 *   D:13 *}   D:14 (   Orc:2 ?((*%   Snake:1 (   Snake:2 [
Snake:3 }=}   Vaults:1 ?   Vaults:2 *   Vaults:3 !*!   Depths:4 [

Portals:
Hell: Depths:1 Depths:2 Depths:3 Depths:4 Depths:5
Abyss: Depths:1 Depths:2 Depths:3 Depths:4 Depths:5
Pandemonium: Depths:3 Depths:5

Annotations:
D:4 2 transporters
Depths:3 4 exclusions


Innate Abilities, Weirdness & Mutations

Your body is rotting away.
You thrive on raw meat.
You are immune to poison.
You have sharp fingernails.
You are carnivorous and can eat meat at any time.
Your flesh is cold resistant. (rC+)
You are immune to negative energy. (rN+++)
You do not regenerate when monsters are visible.
You are immune to unholy pain and torment.
You can survive without breathing.


Message History

You now have 29/37 mp.
Danger x5: orb of fire x2, ghost moth (invisible), ancient lich (invisible), storm dragon!
Unknown command.
Lua error: [string "/dgldir/rcfiles/crawl-git/Mgcat.rc"]:934: invalid capture index Unknown command.
Lua error: [string "/dgldir/rcfiles/crawl-git/Mgcat.rc"]:934: invalid capture index Unknown command.
Lua error: [string "/dgldir/rcfiles/crawl-git/Mgcat.rc"]:934: invalid capture index Unknown command.
Danger x5: orb of fire x2, ghost moth (invisible), ancient lich (invisible), storm dragon!
Unknown command.
Lua error: [string "/dgldir/rcfiles/crawl-git/Mgcat.rc"]:934: invalid capture index Really read
C - a scroll of blinking {!r}?
Your blink will be uncontrolled - continue anyway?
The Orb prevents control of your translocation!
You blink.
As you read the scroll of blinking {!r}, it crumbles to dust.
The Killer Klown honks.
The orb of fire glows yellow.
Strange energies course through your body.
Your body decomposes!
You feel weakened.
A moth of wrath comes into view.
The ghost moth stares at you.
You feel your power leaking away.
The ghost moth hits you but does no damage.
You block the ghost moth's attack. The ghost moth closely misses you.
You now have 18/37 mp.
Danger x7: storm dragon, ghost moth (invisible), moth of wrath, orb of fire x2, ancient lich (invisible) x2!
Unknown command.
Lua error: [string "/dgldir/rcfiles/crawl-git/Mgcat.rc"]:934: invalid capture index Unknown command.
Lua error: [string "/dgldir/rcfiles/crawl-git/Mgcat.rc"]:934: invalid capture index Unknown command.
Lua error: [string "/dgldir/rcfiles/crawl-git/Mgcat.rc"]:934: invalid capture index Unknown command.
Danger x7: storm dragon, ghost moth (invisible), moth of wrath, orb of fire x2, ancient lich (invisible) x2!
You feel better. You block the Killer Klown's attack.
The moth of wrath goads the Orb Guardian on!
The Orb Guardian goes berserk!
You block the ghost moth's attack. The ghost moth hits you.
* * * LOW HITPOINT WARNING * * *
You feel weakened.
The ghost moth stings you but does no damage.
Danger x7: storm dragon, ghost moth (invisible), moth of wrath, orb of fire x2, ancient lich (invisible) x2!
Unknown command.
Lua error: [string "/dgldir/rcfiles/crawl-git/Mgcat.rc"]:934: invalid capture index Unknown command.
Lua error: [string "/dgldir/rcfiles/crawl-git/Mgcat.rc"]:934: invalid capture index Unknown command.
Lua error: [string "/dgldir/rcfiles/crawl-git/Mgcat.rc"]:934: invalid capture index Unknown command.
Danger x7: storm dragon, ghost moth (invisible), moth of wrath, orb of fire x2, ancient lich (invisible) x2!
Unknown command.
Lua error: [string "/dgldir/rcfiles/crawl-git/Mgcat.rc"]:934: invalid capture index
Okay, then.
Lua error: [string "/dgldir/rcfiles/crawl-git/Mgcat.rc"]:934: invalid capture index Unknown command.
Lua error: [string "/dgldir/rcfiles/crawl-git/Mgcat.rc"]:934: invalid capture index Unknown command.
Danger x7: storm dragon, ghost moth (invisible), moth of wrath, orb of fire x2, ancient lich (invisible) x2!
Okay, then.
Lua error: [string "/dgldir/rcfiles/crawl-git/Mgcat.rc"]:934: invalid capture index You feel better.
You block the Killer Klown's attack.
The orb of fire glows bright magenta.
The bolt of fire is repelled.
The moth of wrath goads the storm dragon on!
The storm dragon goes berserk!
The ghost moth stares at you.
You feel your power leaking away. The ghost moth barely misses you.
You riposte.
You closely miss the ghost moth. You slash the ancient lich!
You hit the orb of fire but do no damage.
You hit the Killer Klown.
Lightning courses through the Killer Klown!
You block the ghost moth's attack.
The ghost moth stings you but does no damage.
You regained 6 hp, and now have 20/256 hp.
You now have 13/37 mp.
Danger x7: orb of fire x2, moth of wrath, storm dragon (berserk), ghost moth (invisible), ancient lich (invisible) x2!
Unknown command.
Lua error: [string "/dgldir/rcfiles/crawl-git/Mgcat.rc"]:934: invalid capture index Unknown command.
Lua error: [string "/dgldir/rcfiles/crawl-git/Mgcat.rc"]:934: invalid capture index Unknown command.
Lua error: [string "/dgldir/rcfiles/crawl-git/Mgcat.rc"]:934: invalid capture index You feel better.
Your surroundings suddenly seem different.
You regained 9 hp, and now have 29/256 hp.
Unknown command.
Unknown command.
Unknown command.
Unknown command.
Unknown command.
Unknown command.
Unknown command.
You start resting.
The electric golem hurls lightning at you.
The bolt of lightning hits you!!
You die...

...,*,,,,,,,,,,,,,,,,,,,,,,**
^.*,,,,,,..........8....,,**
...,*,,,,........^......,,,**
...**,,,,...............,,,,**
..▓**,,,,...............,,,,,*
▓▓▓ *,,,,...............,,,,,*
**,,,..^...○...^....,,,,**
***,......☼........,,,**
***▓^....@.......****
▓▓▓▓▓▓▓▓▓▓▓▓▓▓*


You could see an electric golem.

Vanquished Creatures
  the Royal Jelly (Slime:5)
  2 ancient liches
  9 orbs of fire
  Mara (Vaults:5)
  A juggernaut (Depths:4)
  Boris (thrice) (Depths:4 Crypt:1 Vaults:5)
  Sojobo (Depths:1)
  Margery (Crypt:2)
  3 Killer Klowns
  6 caustic shrikes
  Saint Roka (Vaults:4)
  6 golden dragons
  A bone dragon (Swamp:4)
  A pearl dragon (Depths:1)
  A lich (Depths:1)
  4 electric golems
  A shard shrike zombie (Crypt:2)
  Rupert (Lair:5)
  14 tentacled monstrosities
  20 Orb Guardians (Zot:5)
  5 quicksilver dragons
  8 titans
  7 death cobs
  3 deep elf master archers (Elf:3)
  20 acid blobs
  3 deep elf blademasters
  4 ancient champions
  5 sphinxes
  Kirke (D:14)
  7 tengu reavers
  11 storm dragons
  10 shadow dragons
  7 draconian monks
  14 azure jellies
  7 fire giants
  3 revenants (Crypt:3)
  12 frost giants
  9 nagarajas
  2 draconian scorchers
  2 iron dragons (Vaults:5)
  9 deep elf sorcerers
  A draconian shifter (Zot:2)
  4 draconian stormcallers
  4 ghost moths
  6 draconian knights
  The ghost of Somebody the Fighter, a journeyman NaIE of Vehumet (D:13)
  11 deep elf elementalists
  13 vault wardens
  3 spriggan defenders (Depths:4)
  A war gargoyle (Vaults:5)
  16 ironheart preservers
  13 ghouls
  A reaper (Crypt:2)
  36 very ugly things
  4 curse skulls
  5 draconian annihilators
  18 stone giants
  An entropy weaver (shapeshifter) (Vaults:5)
  3 green draconians
  An ophan (Depths:1)
  7 vampire knights
  An apis (Depths:1)
  2 entropy weavers
  7 deep elf demonologists
  2 spectral titans (Crypt:3)
  5 black draconians
  9 deep elf annihilators
  8 purple draconians
  12 red draconians
  7 white draconians
  7 yellow draconians
  5 spark wasps
  A merfolk javelineer (Depths:3)
  10 deep elf death magi
  15 ettins
  10 jiangshi
  Josephine (Lair:6)
  2 spectral quicksilver dragons (Crypt:3)
  11 fire dragons
  10 eidola
  7 deep elf high priests
  10 death oozes (Slime:5)
  A quicksilver dragon zombie (Crypt:1)
  15 yaktaur captains
  14 great orbs of eyes
  13 ogre magi
  A spectral golden dragon (Crypt:3)
  Harold (D:9)
  4 rakshasas
  A spectral shadow dragon (Crypt:3)
  18 naga warriors
  29 vault guards (Vaults:5)
  7 hydras
  A quicksilver dragon skeleton (Crypt:2)
  7 ice dragons
  3 spriggan air magi
  3 shambling mangroves
  6 death knights
  11 centaur warriors
  2 catoblepae
  A spectral frost giant (Crypt:3)
  23 dancing weapons
  2 ghost crabs
  The ghost of emperorscorpion the Archer, a novice DgWn (D:10)
  44 two-headed ogres
  9 deep troll shamans
  8 deep troll earth magi
  15 alligators
  13 anacondas
  A tengu warrior (Depths:2)
  8 vampire magi
  20 naga sharpshooters
  3 shock serpents
  22 deep elf knights
  2 spectral storm dragons (Crypt:3)
  Sonja (D:12)
  5 salamander mystics (Snake:4)
  A spectral ghost moth (Crypt:3)
  Nergalle (Lair:3)
  6 hell knights
  24 skeletal warriors
  A spectral yellow draconian (Crypt:3)
  11 shadow wraiths
  A golden dragon zombie (Vaults:5)
  2 iron trolls
  An unseen horror (shapeshifter) (Depths:1)
  7 wizards
  9 glowing orange brains
  18 flayed ghosts
  7 naga ritualists
  3 unseen horrors
  22 deep trolls
  18 deep elf archers
  2 spectral hydras
  A sea snake (Snake:2)
  2 golden dragon skeletons
  18 ironbrand convokers
  6 harpies
  22 phantasmal warriors
  23 orc knights
  9 necromancers
  An iron giant skeleton (Crypt:2)
  16 mana vipers
  A harpy (shapeshifter) (Vaults:3)
  38 ugly things
  A fire giant zombie (Vaults:5)
  A frost giant zombie (Depths:3)
  3 orc sorcerers
  4 spectral ettins (Crypt:3)
  A salamander (shapeshifter) (Depths:4)
  A spectral ice dragon (Crypt:3)
  2 stone giant zombies
  6 wolf spiders
  6 shining eyes
  10 salamanders
  2 oklob plants (Lair:4)
  A tengu skeleton (Depths:3)
  4 manticores
  2 spectral centaurs (D:13)
  66 deep elf magi
  16 elephants
  A moth of wrath (shapeshifter) (Vaults:5)
  9 cyclopes
  17 moths of wrath
  13 vault sentinels
  A fire giant skeleton (Crypt:2)
  An elf zombie (Depths:3)
  18 naga magi
  14 spiny frogs
  32 black mambas
  3 gargoyles
  A water nymph (Snake:3)
  3 guardian serpents
  5 eyes of devastation
  A minotaur zombie (Crypt:3)
  A yaktaur zombie (Vaults:2)
  An efreet (D:14)
  7 komodo dragons
  A grey draconian zombie (Crypt:1)
  46 yaktaurs
  A yaktaur (shapeshifter) (Depths:3)
  3 swamp worm zombies (Swamp:4)
  5 rime drakes
  A komodo dragon (shapeshifter) (Depths:4)
  A harpy zombie (D:13)
  3 small abominations (Elf:3)
  3 hydra zombies (Swamp:4)
  31 freezing wraiths
  2 tengu conjurers
  A white draconian skeleton (Crypt:2)
  A tengu simulacrum (Depths:3)
  A grey draconian skeleton (Crypt:3)
  9 tyrant leeches
  A jumping spider (Vaults:4)
  6 trolls
  4 meliai
  A jumping spider (shapeshifter) (Depths:4)
  A merfolk (shapeshifter) (Depths:1)
  21 hornets
  A purple draconian skeleton (Crypt:1)
  A hornet (shapeshifter) (Vaults:1)
  9 polar bears
  29 blink frogs
  13 bog bodies
  An ettin zombie (Crypt:2)
  94 slime creatures
  A fire dragon zombie (Crypt:3)
  An ice dragon zombie (Crypt:2)
  A stone giant simulacrum (Crypt:2)
  5 spectral swamp dragons
  2 raiju (shapeshifter)
  3 alligator zombies (Swamp:4)
  2 dream sheep (Lair:6)
  16 hippogriffs
  2 redbacks (Vaults:3)
  A snapping turtle (shapeshifter) (Depths:4)
  A spectral meliai (D:10)
  An alligator skeleton (Crypt:1)
  2 frost giant simulacra (Depths:3)
  A spectral black mamba (Crypt:3)
  5 centaur simulacra
  2 fire dragon skeletons (Crypt:1)
  4 flying skulls (Crypt:1)
  10 shadows
  2 spriggans (shapeshifter)
  3 air elementals
  23 spriggans
  A redback (shapeshifter) (Vaults:5)
  4 wyverns
  19 water elementals
  11 wraiths
  3 yaks (shapeshifter)
  26 yaks
  2 fire elementals
  2 hungry ghosts
  2 basilisks
  5 golden eyes
  A hog (shapeshifter) (Vaults:5)
  2 humans (D:14)
  23 vampire mosquitoes
  A merfolk zombie (Crypt:2)
  A basilisk (shapeshifter) (Depths:2)
  A human (shapeshifter) (Vaults:2)
  A human simulacrum (Vaults:1)
  A spectral spiny frog (Crypt:3)
  A steam dragon (D:8)
  Edmund (D:4)
  10 insubstantial wisps
  An infernal demonspawn zombie (Crypt:2)
  16 swamp worms
  6 acid dragons
  7 wargs
  54 nagas
  12 water moccasins
  A hydra simulacrum (Crypt:2)
  A spectral spriggan (Crypt:3)
  6 porcupines
  A two-headed ogre zombie (Crypt:2)
  A deep troll skeleton (Crypt:3)
  An infernal demonspawn skeleton (Crypt:1)
  A floating eye (shapeshifter) (Vaults:3)
  A fire dragon simulacrum (Crypt:3)
  2 ice beasts
  56 orc warriors
  An ettin simulacrum (Crypt:1)
  7 swamp drakes
  A necrophage (Crypt:2)
  4 swamp dragon zombies (Swamp:4)
  5 eyes of draining
  An ice dragon simulacrum (Crypt:1)
  10 phantoms
  47 ogres
  3 black bears
  8 sky beasts
  10 boggarts
  42 wolves
  11 centaurs
  An elf skeleton (Vaults:2)
  A human skeleton (Vaults:5)
  14 crocodiles
  2 blink frog skeletons
  A big kobold (D:10)
  3 human zombies
  17 bullfrogs
  3 earth elementals (Elf:1)
  A hippogriff skeleton (Crypt:1)
  A wyvern zombie (D:5)
  2 scorpions
  A wyvern skeleton (D:14)
  37 wights
  A killer bee (shapeshifter) (Vaults:5)
  A swamp dragon simulacrum (Crypt:2)
  A warg zombie (Crypt:3)
  20 killer bees
  An electric eel (Lair:5)
  3 howler monkeys
  3 bullfrog zombies
  5 centaur zombies
  8 crimson imps
  17 jellies
  3 quasits
  A bullfrog skeleton (D:10)
  5 hounds
  20 orc priests
  6 centaur skeletons
  A gnoll shaman (D:8)
  4 iguanas
  A lightning spire (Zot:3)
  A porcupine zombie (Crypt:3)
  A demonspawn skeleton (Crypt:3)
  24 orc wizards
  3 hell rats (Lair:1)
  7 worker ants
  2 spectral swamp drakes (Swamp:4)
  A naga zombie (Crypt:2)
  An ogre skeleton (Crypt:2)
  2 hound skeletons
  A howler monkey zombie (D:11)
  2 worker ant zombies
  14 gnolls
  3 river rats (Lair:1)
  A swamp drake zombie (Swamp:4)
  9 adders
  A steam dragon skeleton (Crypt:2)
  8 shadow imps
  3 adder zombies
  An iguana zombie (Crypt:1)
  3 adder skeletons
  4 worms
  4 dart slugs
  2 leopard geckos
  119 orcs
  3 bats
  7 giant cockroaches
  6 goblins
  11 hobgoblins
  11 jackals
  7 kobolds
  5 quokkas
  6 frilled lizards
  A jackal skeleton (D:6)
  A kobold simulacrum (Crypt:3)
  A leopard gecko skeleton (D:6)
  2 leopard gecko zombies (D:6)
  14 rats
  A river rat skeleton (Crypt:2)
  6 crawling corpses
  A fungus (Lair:5)
  A plant (Lair:4)
2658 creatures vanquished.

Vanquished Creatures (collateral kills)
  Xtahua (Vaults:2)
  Frederick (Crypt:2)
  Jorgrun (D:14)
  A thorn hunter (Swamp:1)
  A nagaraja (Snake:3)
  An azure jelly (Slime:4)
  Aizul (Swamp:2)
  A ghoul (Crypt:2)
  A great orb of eyes (Slime:4)
  2 naga warriors
  A tengu warrior (D:13)
  A skeletal warrior (Vaults:2)
  A necromancer (Crypt:2)
  4 deep elf magi (Orc:2)
  An orc knight (Orc:2)
  3 black mambas (Snake:3)
  A centaur zombie (D:15)
  A swamp worm zombie (Crypt:2)
  A troll (Orc:1)
  A hornet (Swamp:1)
  2 blink frogs (Lair:6)
  A yak (Lair:6)
  2 wargs
  3 nagas (Snake:4)
  A water moccasin (Lair:6)
  2 swamp worms (Swamp:1)
  4 orc warriors
  An ogre (Orc:1)
  2 orc wizards
  7 orcs
51 creatures vanquished.

Vanquished Creatures (others)
  An ancient lich (Zot:5)
  A tengu reaver (Depths:1)
  A draconian knight (Zot:4)
  A draconian annihilator (Zot:2)
  4 black draconians
  A deep elf archer (Elf:3)
  3 orc knights
  2 deep elf magi
  A komodo dragon (Lair:6)
  A hornet (Swamp:1)
  A spriggan (Swamp:1)
  2 humans (D:14)
  A water elemental (Elf:2)
  2 insubstantial wisps (Swamp:4)
  A naga (Snake:4)
  2 ogres
  A centaur (D:10)
  A killer bee (D:12)
  A crimson imp (D:14)
  An orc priest (D:12)
  An orc (D:12)
  8 fungi
  8 plants
46 creatures vanquished.

Grand Total: 2755 creatures vanquished

Notes
Turn   | Place    | Note
-------+----------+-------------------------------------------
     0 | D:1      | Mgcat the Ghoul Monk began the quest for the Orb.
     0 | D:1      | Reached XP level 1. HP: 19/19 MP: 0/0
   198 | D:1      | Reached XP level 2. HP: 20/26 MP: 1/1
   252 | D:1      | Reached skill level 3 in Axes
  1264 | D:2      | Reached XP level 3. HP: 32/32 MP: 2/2
  1435 | D:2      | Reached skill level 4 in Fighting
  1616 | D:2      | Reached skill level 1 in Armour
  1633 | D:2      | Found an iron altar of Okawaru.
  1809 | D:2      | Reached XP level 4. HP: 40/40 MP: 3/3
  1973 | D:2      | Noticed a black bear
  2272 | D:3      | Reached XP level 5. HP: 19/47 MP: 4/4
  2566 | D:3      | Reached skill level 2 in Armour
  2836 | D:3      | Reached skill level 4 in Axes
  2921 | D:3      | Found a hazy altar of Hepliaklqana.
  3208 | D:4      | Found a transporter.
  3279 | D:4      | Found a staircase to the Ecumenical Temple.
  3287 | Temple   | Entered the Ecumenical Temple
  3328 | Temple   | Became a worshipper of Qazlal Stormbringer
  3328 | Temple   | Reached * piety under Qazlal
  3328 | Temple   | Reached ** piety under Qazlal
  3409 | D:4      | Found a transporter.
  3443 | D:4      | Reached skill level 5 in Fighting
  3443 | D:4      | Reached XP level 6. HP: 38/53 MP: 5/5
  3560 | D:4      | HP: 6/52 [ogre/+0 giant club (16)]
  4075 | D:4      | Reached skill level 5 in Axes
  4115 | D:4      | Found a deep blue altar of Sif Muna.
  4296 | D:4      | Reached skill level 6 in Axes
  4296 | D:4      | Reached XP level 7. HP: 41/61 MP: 6/6
  4352 | D:4      | Noticed Edmund
  4406 | D:5      | Entered Level 5 of the Dungeon
  4446 | D:5      | HP: 13/61 [ogre/+0 giant spiked club (12)]
  4793 | D:5      | Found a radiant altar of Vehumet.
  4811 | D:5      | Found an ancient bone altar of Kikubaaqudgha.
  4836 | D:5      | Found a bloodstained altar of Trog.
  5006 | D:5      | Reached skill level 7 in Axes
  5315 | D:5      | Found a shimmering altar of Xom.
  5392 | D:5      | Found a shimmering altar of Xom.
  5574 | D:5      | Reached XP level 8. HP: 69/69 MP: 7/7
  5688 | D:5      | Found a glowing golden altar of the Shining One.
  6069 | D:6      | Found a sparkling altar of Nemelex Xobeh.
  6084 | D:6      | Reached skill level 3 in Armour
  6085 | D:6      | Reached skill level 6 in Fighting
  6353 | D:6      | Reached skill level 8 in Axes
  6370 | D:6      | Reached skill level 7 in Fighting
  6538 | D:6      | Found an ornate altar of the Wu Jian Council.
  6620 | D:6      | Reached skill level 1 in Invocations
  6952 | D:6      | Reached *** piety under Qazlal
  7254 | D:7      | Reached skill level 1 in Evocations
  7254 | D:7      | Reached XP level 9. HP: 79/79 MP: 8/8
  7274 | D:7      | Found a shadowy altar of Dithmenos.
  7317 | D:7      | Reached skill level 2 in Invocations
  7486 | D:7      | Reached skill level 2 in Evocations
  7670 | D:7      | HP: 8/76 [orc warrior/+0 glaive (23)]
  8268 | D:7      | Reached skill level 3 in Invocations
  8608 | D:7      | Found a blossoming altar of Fedhas.
  8916 | D:7      | Found Begi's General Store.
  8922 | D:7      | Bought a scroll of remove curse for 36 gold pieces
  8952 | D:7      | Found a glowing silver altar of Zin.
  9788 | D:4      | Killed Edmund
  9788 | D:4      | Reached skill level 8 in Fighting
 10042 | D:8      | Reached skill level 3 in Evocations
 10165 | D:8      | Reached skill level 4 in Invocations
 10166 | D:8      | Reached skill level 9 in Axes
 10388 | D:8      | Reached skill level 4 in Evocations
 10388 | D:8      | Reached XP level 10. HP: 72/78 MP: 12/12
 10440 | D:8      | Reached skill level 5 in Invocations
 10500 | D:8      | Found an opulent altar of Gozag.
 10599 | D:8      | Reached **** piety under Qazlal
 10681 | D:8      | Found Cinlod's Book Emporium.
 10753 | D:8      | Found a shattered altar of Ashenzari.
 11119 | D:8      | Reached skill level 5 in Evocations
 11159 | D:8      | Found a basalt altar of Yredelemnul.
 11375 | D:9      | Noticed Harold
 11541 | D:8      | Reached skill level 10 in Axes
 11690 | D:9      | Reached ***** piety under Qazlal
 11697 | D:9      | Reached skill level 4 in Armour
 11883 | D:9      | Killed Harold
 11883 | D:9      | Reached skill level 9 in Fighting
 11883 | D:9      | Reached XP level 11. HP: 54/97 MP: 9/14
 12017 | D:9      | Found the +0 pair of fencer's gloves {Riposte Dex+3}
 12028 | D:9      | Reached skill level 6 in Invocations
 12067 | D:9      | Found a staircase to the Lair.
 12329 | D:10     | Entered Level 10 of the Dungeon
 12729 | D:10     | Noticed a manticore
 12736 | D:10     | Killed a manticore
 12883 | D:10     | Noticed a catoblepas
 12890 | D:10     | Killed a catoblepas
 12890 | D:10     | Reached skill level 10 in Fighting
 12890 | D:10     | Reached skill level 7 in Invocations
 12992 | D:10     | Noticed emperorscorpion's ghost (novice DgWn)
 12994 | D:10     | Found the macabre finger necklace {rN+}
 13003 | D:10     | Found Hitoh's General Store.
 13045 | D:10     | Reached skill level 11 in Axes
 13165 | D:10     | Found a transporter.
 13175 | D:10     | Found a transporter.
 13200 | D:10     | Reached skill level 3 in Dodging
 13302 | D:10     | Bought a scroll of enchant armour for 90 gold pieces
 13303 | D:10     | Identified a scroll of acquirement
 13665 | D:11     | Noticed a two-headed ogre
 13665 | D:11     | Noticed a cyclops
 13673 | D:10     | Killed a two-headed ogre
 13874 | D:11     | Killed a cyclops
 14055 | D:11     | Noticed a cyclops
 14074 | D:11     | Killed a cyclops
 14074 | D:11     | Reached skill level 5 in Armour
 14074 | D:11     | Reached skill level 8 in Invocations
 14407 | D:11     | Reached skill level 4 in Dodging
 14670 | D:11     | Got a glittering lapis lazuli ring
 15533 | D:10     | Reached XP level 12. HP: 80/105 MP: 17/17
 15552 | D:10     | Killed emperorscorpion's ghost
 15552 | D:10     | Reached skill level 5 in Dodging
 15576 | D:10     | Identified the ring "Zexeil" {rF+ rC+ SInv Stlth+} (You
                  | found it on level 11 of the Dungeon)
 15706 | Lair:1   | Entered Level 1 of the Lair of Beasts
 15892 | Lair:1   | Reached skill level 12 in Axes
 16078 | Lair:1   | Reached ****** piety under Qazlal
 16113 | Lair:1   | HP: 21/106 [komodo dragon (8)]
 16437 | Lair:1   | Noticed a four-headed hydra
 16571 | Lair:1   | Killed a four-headed hydra
 16963 | Lair:2   | Reached skill level 13 in Axes
 17099 | Lair:2   | Found a staircase to the Swamp.
 17794 | Lair:3   | Noticed Nergalle
 17806 | Lair:3   | Noticed a seven-headed hydra
 17806 | Lair:3   | Killed Nergalle
 17815 | Lair:2   | Killed a four-headed hydra
 18093 | Lair:3   | Reached skill level 14 in Axes
 18097 | Lair:3   | Reached XP level 13. HP: 84/113 MP: 18/18
 19092 | Lair:4   | Reached skill level 6 in Dodging
 19109 | Lair:4   | Reached skill level 6 in Armour
 19454 | Lair:4   | Reached skill level 11 in Fighting
 19886 | Lair:4   | Found a staircase to the Snake Pit.
 20862 | Lair:5   | Reached skill level 12 in Fighting
 20873 | Lair:5   | Reached skill level 15 in Axes
 21003 | Lair:5   | Noticed Rupert
 21016 | Lair:5   | Killed Rupert
 21016 | Lair:5   | Reached XP level 14. HP: 49/124 MP: 19/19
 21863 | D:10     | Bought a potion of haste for 120 gold pieces
 21995 | Lair:6   | Entered Level 6 of the Lair of Beasts
 22014 | Lair:6   | HP: 31/126 [yak (11)]
 22015 | Lair:6   | Reached skill level 16 in Axes
 22777 | Lair:6   | Reached skill level 1 in Shields
 22843 | Lair:6   | Reached skill level 2 in Shields
 22854 | Lair:6   | Found a staircase to the Slime Pits.
 23085 | Lair:6   | Reached skill level 3 in Shields
 23309 | Lair:6   | Reached skill level 4 in Shields
 23584 | Lair:6   | Noticed Josephine
 23611 | Lair:6   | Killed Josephine
 23611 | Lair:6   | Reached skill level 17 in Axes
 24124 | D:12     | Noticed Sonja
 24137 | D:12     | Killed Sonja
 24204 | D:12     | Reached XP level 15. HP: 57/132 MP: 20/20
 24576 | D:12     | Found a staircase to the Orcish Mines.
 25061 | Orc:1    | Entered Level 1 of the Orcish Mines
 25524 | Orc:2    | Entered Level 2 of the Orcish Mines
 25524 | Orc:2    | Found a bloodstained altar of Trog.
 25529 | Orc:2    | Found Wuone's Food Shop.
 26221 | Orc:2    | Reached skill level 9 in Invocations
 26477 | Orc:2    | Found a roughly hewn altar of Beogh.
 26487 | Orc:2    | Found Imisoew's Magic Scroll Shoppe.
 26487 | Orc:2    | Found Tioc's Antique Weapon Boutique.
 26591 | Orc:2    | Found a staircase to the Elven Halls.
 26738 | Orc:2    | Found Fuafophexesm's Antique Weapon Shoppe.
 26738 | Orc:2    | Found Hous's General Store.
 26751 | Orc:2    | Bought the +5 plate armour of the Desolation of Salt {rC+
                  | rN++} for 870 gold pieces
 26987 | Orc:2    | Bought a scroll of enchant weapon for 105 gold pieces
 26987 | Orc:2    | Bought a scroll of enchant weapon for 105 gold pieces
 27021 | Orc:2    | Bought a potion of invisibility for 96 gold pieces
 27179 | D:13     | Reached skill level 18 in Axes
 27226 | D:13     | Found a gate to the Vaults.
 27295 | D:13     | Found Wisitt's Gadget Shop.
 27303 | D:13     | Bought a phantom mirror for 330 gold pieces
 27427 | D:13     | Found a runed translucent gate.
 27427 | D:13     | Found a runed translucent gate.
 27428 | D:13     | Found a runed translucent gate.
 27433 | D:13     | Noticed Somebody's ghost (journeyman NaIE)
 27522 | D:13     | Identified the ring of Abstinence {+Fly MP+9}
 27524 | D:13     | Noticed a sphinx
 27587 | D:13     | Killed a sphinx
 27843 | D:13     | Found Lealaaf's Luxury Loot.
 28152 | D:13     | Killed Somebody's ghost
 28390 | D:14     | Noticed Kirke
 28398 | D:14     | Killed Kirke
 28451 | D:14     | Reached XP level 16. HP: 61/141 MP: 22/22
 28460 | D:14     | Reached skill level 10 in Invocations
 28465 | D:14     | Reached skill level 5 in Shields
 28834 | D:14     | Reached skill level 6 in Evocations
 28879 | D:14     | Noticed Jorgrun
 28899 | D:14     | Killed Jorgrun
 28899 | D:14     | Reached skill level 7 in Dodging
 28957 | D:14     | Reached skill level 7 in Armour
 28999 | D:14     | Found Wideul's Weapon Shoppe.
 29302 | D:15     | Entered Level 15 of the Dungeon
 29329 | D:15     | Paralysed by an ogre mage for 7 turns
 30042 | D:15     | Found a staircase to the Depths.
 30591 | D:15     | Found a shattered altar of Ashenzari.
 30752 | Swamp:1  | Entered Level 1 of the Swamp
 30802 | Swamp:1  | Reached skill level 6 in Shields
 30833 | Swamp:1  | Reached skill level 13 in Fighting
 30834 | Swamp:1  | HP: 29/143 [shambling mangrove (21)]
 31609 | Swamp:1  | Noticed a thorn hunter
 31620 | Swamp:1  | Killed a thorn hunter
 31620 | Swamp:1  | Reached skill level 7 in Evocations
 31756 | Swamp:1  | Got a pearl-encrusted ring mail
 32355 | Swamp:2  | Noticed Aizul
 32369 | Swamp:2  | Killed Aizul
 32369 | Swamp:2  | Reached skill level 11 in Invocations
 32519 | Swamp:2  | Reached skill level 8 in Dodging
 32617 | Swamp:2  | Reached skill level 8 in Armour
 33121 | Swamp:3  | Reached XP level 17. HP: 150/150 MP: 24/24
 34047 | Snake:1  | Entered Level 1 of the Snake Pit
 34065 | Snake:1  | Reached skill level 7 in Shields
 34450 | Snake:1  | Reached skill level 8 in Evocations
 34669 | Snake:1  | Found Ireskyto's Weapon Shoppe.
 35338 | Snake:2  | You fall through a shaft!
 35412 | Snake:3  | HP: 34/150 [naga warrior/+0 glaive (10)]
 35412 | Snake:3  | Reached skill level 14 in Fighting
 35412 | Snake:3  | Reached skill level 12 in Invocations
 35534 | Snake:3  | Reached skill level 8 in Shields
 35853 | Snake:2  | Found Urocs's Antique Armour Boutique.
 36271 | Snake:2  | Bought a pair of bloodstained boots for 180 gold pieces
 36291 | Snake:2  | Identified the cursed -2 pair of boots of Gutixkama {rPois
                  | MR- Int+5} (You bought it in a shop on level 2 of the Snake
                  | Pit)
 36768 | Snake:3  | Found Taenauh's Gadget Shop.
 36768 | Snake:3  | Found Butrauh's Jewellery Emporium.
 36769 | Snake:3  | Found Xaqiu's Gadget Shop.
 36777 | Snake:3  | Bought a cursed -2 ring of strength for 26 gold pieces
 37240 | Snake:3  | Reached XP level 18. HP: 98/161 MP: 26/26
 37461 | Snake:3  | Got a crude broad axe
 37462 | Snake:3  | Identified the +1 broad axe "Wuvih Hade" {antimagic, rF+
                  | rN+ Dex-5 Stlth+} (You acquired it on level 3 of the Snake
                  | Pit)
 37938 | Swamp:4  | Entered Level 4 of the Swamp
 38083 | Swamp:4  | Reached skill level 15 in Fighting
 38335 | Swamp:4  | Reached skill level 19 in Axes
 39059 | Swamp:4  | Noticed a bone dragon
 39083 | Swamp:4  | Killed a bone dragon
 39227 | Swamp:4  | Got a decaying rune of Zot
 39458 | Snake:4  | Entered Level 4 of the Snake Pit
 40640 | Snake:4  | Reached XP level 19. HP: 71/169 MP: 27/27
 40897 | Snake:4  | Reached skill level 9 in Evocations
 40926 | Snake:4  | Reached skill level 9 in Shields
 40947 | Snake:4  | Reached skill level 9 in Dodging
 40948 | Snake:4  | Reached skill level 9 in Armour
 41675 | Snake:4  | Got a serpentine rune of Zot
 42006 | Vaults:1 | Entered Level 1 of the Vaults
 42416 | Vaults:1 | Reached skill level 13 in Invocations
 42791 | Vaults:1 | Found Qaocris's Magic Scroll Boutique.
 42807 | Vaults:1 | Bought a scroll of enchant armour for 157 gold pieces
 42807 | Vaults:1 | Bought a scroll of enchant armour for 157 gold pieces
 44266 | Vaults:2 | Reached skill level 16 in Fighting
 44272 | Vaults:2 | Noticed Xtahua
 44302 | Vaults:2 | HP: 31/172 [ogre mage/crystal spear[an ironheart preserver]
                  | (46)]
 44311 | Vaults:2 | Reached XP level 20. HP: 51/180 MP: 29/29
 44316 | Vaults:2 | HP: 41/180 [ogre/+0 giant club[an ironheart preserver] (8)]
 44712 | Vaults:2 | Killed Xtahua
 44893 | Vaults:2 | Reached skill level 10 in Evocations
 44894 | Vaults:2 | Reached skill level 10 in Shields
 44914 | Vaults:2 | Reached skill level 10 in Dodging
 44924 | Vaults:2 | Reached skill level 10 in Armour
 45473 | Vaults:2 | Noticed an ancient lich
 45693 | Vaults:2 | Found Obushrepu's Assorted Antiques.
 45700 | Vaults:2 | Bought a scroll of enchant armour for 270 gold pieces
 46106 | Vaults:3 | Reached skill level 14 in Invocations
 46830 | Vaults:3 | Found Teonocs's Distillery.
 46831 | Vaults:3 | Found Anwopna's General Store.
 46844 | Vaults:3 | Found Dintuj's Distillery.
 47225 | Vaults:3 | Reached skill level 20 in Axes
 47257 | Vaults:3 | Reached skill level 17 in Fighting
 48142 | Vaults:4 | Noticed Saint Roka
 48168 | Vaults:4 | Reached XP level 21. HP: 89/191 MP: 25/31
 48168 | Vaults:4 | Reached skill level 15 in Invocations
 48178 | Vaults:4 | Killed Saint Roka
 49047 | Vaults:4 | Reached skill level 18 in Fighting
 49143 | Vaults:4 | Reached skill level 16 in Invocations
 50201 | Elf:1    | Entered Level 1 of the Elven Halls
 50224 | Elf:1    | Reached skill level 17 in Invocations
 50247 | Elf:1    | Found a radiant altar of Vehumet.
 50563 | Elf:1    | Found a deep blue altar of Sif Muna.
 51208 | Elf:1    | Mgcat: yop
 51208 | Elf:1    | Inarius: you are noisy :D
 51239 | Elf:2    | Inarius: i heard you from my game
 51239 | Elf:2    | Mgcat: lol
 51240 | Elf:2    | Inarius: so, does it AOE ? :)
 51240 | Elf:2    | Mgcat: I'm feeling weak with ghoul no regen :/
 51240 | Elf:2    | Inarius: well
 51240 | Elf:2    | Inarius: you can eat
 51240 | Elf:2    | Inarius: it regens a lot
 51240 | Elf:2    | Mgcat: read 5 aquirement hopping for vamp axe
 51240 | Elf:2    | Mgcat: chunk ?
 51240 | Elf:2    | Inarius: yes
 51240 | Elf:2    | Inarius: chunk heals a lot, doesn't it ?
 51240 | Elf:2    | Mgcat: don't know
 51267 | Elf:2    | Inarius: you never tried ???
 51267 | Elf:2    | Inarius: seriously ?
 51267 | Elf:2    | Mgcat: yeah
 51273 | Elf:2    | Inarius: lol !
 51273 | Elf:2    | Inarius: you are not serious
 51273 | Elf:2    | Mgcat: My rc is set to auto butcher and eat
 51273 | Elf:2    | Inarius: it's not just that
 51273 | Elf:2    | Inarius: it's that easting heals you
 51282 | Elf:2    | Inarius: eating
 51328 | Elf:2    | Inarius: and heels a lot, actually
 51343 | Elf:2    | Inarius: try
 51351 | Elf:2    | Inarius: 11 hp with a chunk
 51371 | Elf:2    | Inarius: 15 now
 51374 | Elf:2    | Inarius: you don't need now :D
 51374 | Elf:2    | Inarius: game is very fast with a ghoul you just eat eat
                  | eat eat ang do
 51374 | Elf:2    | Inarius: go
 51374 | Elf:2    | Mgcat: tried my key config to understansd how it work
 51709 | Elf:2    | Reached skill level 18 in Invocations
 51709 | Elf:2    | Mgcat: tips ?
 51709 | Elf:2    | Inarius: well
 51709 | Elf:2    | Inarius: axe ? :D
 51709 | Elf:2    | Mgcat: If I have to choose, I set figh, all def axe and
                  | inv until the end
 51709 | Elf:2    | Inarius: yeah
 51710 | Elf:2    | Inarius: i'd say the same
 51710 | Elf:2    | Inarius: but remember if you are low life
 51710 | Elf:2    | Inarius: eat
 51710 | Elf:2    | Inarius: btw, if you can
 51710 | Elf:2    | Inarius: put 1 or 2 points in Int
 51714 | Elf:2    | Inarius: during the 3 lvl bonus
 51714 | Elf:2    | Inarius: if you don't have already
 51714 | Elf:2    | Inarius: ok you did
 51714 | Elf:2    | Mgcat: 7 min
 51714 | Elf:2    | Inarius: yeah
 51714 | Elf:2    | Inarius: for extended
 51714 | Elf:2    | Mgcat: but maybe one more for equipment minus
 51714 | Elf:2    | Mgcat: I'm waiting for brand my axe
 51714 | Elf:2    | Inarius: and, remember to eat
 51715 | Elf:2    | Inarius: if low on life
 51715 | Elf:2    | Inarius: it's very effective
 51715 | Elf:2    | Mgcat: yeah :D
 51716 | Elf:2    | Found a huge runed translucent gate.
 51716 | Elf:2    | Found a huge runed translucent gate.
 51716 | Elf:2    | Found a huge runed translucent gate.
 51716 | Elf:2    | Found a huge runed translucent gate.
 51716 | Elf:2    | Found a huge runed translucent gate.
 52071 | Elf:2    | Inarius: i'm trying a DsAK
 52072 | Elf:2    | Inarius: it's hard
 52096 | Elf:2    | Reached XP level 22. HP: 151/201 MP: 30/34
 52102 | Elf:2    | Mgcat: AK is lug ?
 52102 | Elf:2    | Mgcat: or xom
 52297 | Elf:2    | Inarius: yes
 52299 | Elf:2    | Inarius: Lug
 52445 | Elf:2    | Inarius: so tell me you like your clouds
 52445 | Elf:2    | Mgcat: Yeah, they are deadly
 52517 | Elf:3    | Entered Level 3 of the Elven Halls
 52518 | Elf:3    | Mgcat: trying E3 before U1
 52543 | Elf:3    | Inarius: well
 52543 | Elf:3    | Inarius: you are
 52543 | Elf:3    | Inarius: bold
 53514 | Elf:3    | Identified the Compendium of Conjuration
 53584 | Elf:3    | Identified the cursed +1 war axe "Nogutol" {venom, rElec
                  | Str+7}
 53947 | Elf:3    | Identified the +3 robe of Vutuejoq {*Contam Regen+ Str+3}
 53988 | Elf:3    | Identified the +1 leather armour of Wowninir {rElec rN+
                  | Str+3}
 54097 | Elf:3    | Identified the +7 great sword "Mgcat's Foe" {pain, rN+++
                  | MR- Str+2 Dex+4}
 54656 | Depths:1 | Entered Level 1 of the Depths
 54682 | Depths:1 | Reached skill level 11 in Armour
 54682 | Depths:1 | Reached skill level 11 in Shields
 54703 | Depths:1 | Reached skill level 11 in Dodging
 54717 | Depths:1 | Noticed Sojobo
 54743 | Depths:1 | Killed Sojobo
 54743 | Depths:1 | Reached XP level 23. HP: 138/211 MP: 25/35
 54913 | Depths:1 | You fall through a shaft!
 55152 | Depths:2 | Found a one-way gate to the infinite horrors of the Abyss.
 55207 | Depths:2 | Found a gateway to Hell.
 56179 | Depths:1 | Noticed a pearl dragon
 56194 | Depths:1 | Killed a pearl dragon
 56269 | Depths:1 | Found a glowing golden altar of the Shining One.
 56269 | Depths:1 | Found a glowing silver altar of Zin.
 56269 | Depths:1 | Found a white marble altar of Elyvilon.
 56739 | Depths:3 | Reached skill level 19 in Invocations
 56778 | Depths:3 | Reached skill level 19 in Fighting
 57011 | Depths:2 | Upgraded the game from 0.24-a0-203-gf0bc1e9 to
                  | 0.24-a0-205-g1d96822
 57312 | Depths:3 | Found a one-way gate leading to the halls of Pandemonium.
 57387 | Depths:3 | Noticed a golden dragon
 57409 | Depths:3 | Killed a golden dragon
 58629 | Depths:4 | Reached XP level 24. HP: 188/221 MP: 35/35
 58731 | Depths:4 | Found Yhewniv's Antique Armour Emporium.
 58755 | Depths:4 | Bought a glowing helmet for 375 gold pieces
 58843 | Depths:4 | Reached skill level 12 in Shields
 58848 | Depths:4 | Reached skill level 12 in Dodging
 58887 | Depths:4 | Reached skill level 12 in Armour
 59029 | Depths:4 | Found a runed translucent door.
 59030 | Depths:4 | Found a runed translucent door.
 59118 | Depths:4 | Got a slimy ivory ring
 59141 | Depths:4 | Identified the ring of Oenomania {rElec rF+++ rN+ Str-3
                  | Dex-4} (You found it on level 4 of the Depths)
 59622 | Depths:4 | Noticed Boris
 59642 | Depths:4 | Killed Boris
 60056 | Depths:4 | Noticed a caustic shrike
 60082 | Depths:4 | Killed a caustic shrike
 60086 | Depths:4 | Noticed a juggernaut
 60111 | Depths:4 | Killed a juggernaut
 60164 | Depths:4 | Identified the Volume of Freezing Beguiling
 60342 | Depths:5 | Entered Level 5 of the Depths
 60459 | Depths:5 | Reached skill level 21 in Axes
 60595 | Depths:5 | Noticed a caustic shrike
 60598 | Depths:5 | Noticed a caustic shrike
 60600 | Depths:5 | Noticed a caustic shrike
 60607 | Depths:5 | Noticed a caustic shrike
 60618 | Depths:5 | Killed a caustic shrike
 60618 | Depths:5 | Killed a caustic shrike
 60619 | Depths:5 | Noticed a caustic shrike
 60627 | Depths:5 | Killed a caustic shrike
 60638 | Depths:5 | Killed a caustic shrike
 60645 | Depths:5 | Killed a caustic shrike
 60828 | Depths:5 | Reached XP level 25. HP: 207/231 MP: 35/35
 60837 | Depths:5 | Found a gate to the Realm of Zot.
 62249 | Depths:3 | Identified Xonelyh's Papyrus of Bewitchment
 62614 | Vaults:2 | Killed an ancient lich
 62614 | Vaults:2 | Reached skill level 20 in Invocations
 62635 | Vaults:2 | Found a staircase to the Crypt.
 62697 | Crypt:1  | Entered Level 1 of the Crypt
 62730 | Crypt:1  | Reached skill level 20 in Fighting
 63071 | Crypt:1  | Reached skill level 13 in Shields
 63091 | Crypt:1  | Reached skill level 13 in Dodging
 63092 | Crypt:1  | Noticed Boris
 63115 | Crypt:1  | Killed Boris
 63115 | Crypt:1  | Reached skill level 13 in Armour
 63818 | Crypt:1  | You fall through a shaft!
 63823 | Crypt:2  | Noticed Frederick
 63830 | Crypt:2  | Killed Frederick
 63830 | Crypt:2  | Reached skill level 11 in Evocations
 64275 | Crypt:2  | Noticed Margery
 64289 | Crypt:2  | Killed Margery
 64413 | Crypt:2  | Got a brightly glowing robe
 64936 | Crypt:1  | Got a distressingly furry scale mail
 65038 | Crypt:3  | Entered Level 3 of the Crypt
 65043 | Crypt:3  | Inarius: ok
 65043 | Crypt:3  | Mgcat: hello
 65043 | Crypt:3  | Inarius: i've done orc
 65044 | Crypt:3  | Inarius: i still have this shitty axe :D
 65048 | Crypt:3  | Reached XP level 26. HP: 237/237 MP: 36/36
 65049 | Crypt:3  | Mgcat: lol
 65049 | Crypt:3  | Inarius: but i killed St Roka with it i suppose i'm not so
                  | weak
 65049 | Crypt:3  | Mgcat: I got myself a brand scroll and end with protect :p
 65049 | Crypt:3  | Inarius: Crypt + Qazlal
 65057 | Crypt:3  | Inarius: it's very fun to clear the whole lvl :D
 65102 | Crypt:3  | Inarius: you are very well protected, i see :)
 65102 | Crypt:3  | Inarius: lol
 65102 | Crypt:3  | Mgcat: got gold in U2
 65102 | Crypt:3  | Inarius: I have a crystal plate artifact
 65102 | Crypt:3  | Inarius: sold in Orc:2
 65102 | Crypt:3  | Inarius: that was the only interesting item
 65102 | Crypt:3  | Mgcat: I'm wearing macabre instead of faith, don't know if
                  | it's good
 65102 | Crypt:3  | Inarius: and a whooollleee lot of artifact ...Swords
 65102 | Crypt:3  | Mgcat: can be good, the cystal plate
 65102 | Crypt:3  | Inarius: yeah
 65161 | Crypt:3  | Inarius: if i manage to get the 800 gold i need to complete
                  | it
 65251 | Crypt:3  | Inarius: well : good luck, i've got some work to do
 65275 | Crypt:3  | Mgcat: ok, good day
 65290 | Crypt:3  | Inarius: you seem to be ready for a new victory, i see
 65443 | Crypt:3  | Mgcat: I'm feared of dispel undead
 65443 | Crypt:3  | Inarius: just be careful with Abyss
 65443 | Crypt:3  | Mgcat: I don't know wich enemy has it
 65443 | Crypt:3  | Inarius: it's not the worst, trust me
 65443 | Crypt:3  | Inarius: wretched stars won't "temporarily malmutate you",
                  | you will loose point
 65443 | Crypt:3  | Mgcat: I will see if I can handle vault and zot for
                  | extended
 65495 | Crypt:3  | Inarius: and with qazlal you are somehow now stealthy
 65495 | Crypt:3  | Inarius: well : good luck :)
 65495 | Crypt:3  | Inarius: not
 66151 | Crypt:3  | Got a sparkling granite ring
 66151 | Crypt:3  | Got a crude pewter ring
 66156 | Crypt:3  | Identified the ring of Xom's Ringing Laughter {rPois rN+
                  | Dex+4} (You found it on level 3 of the Crypt)
 66157 | Crypt:3  | Identified the ring "Rihybus" {+Blink rN+} (You found it on
                  | level 3 of the Crypt)
 66251 | Crypt:3  | Found the ring of Shadows {Umbra +Inv Stlth+}
 66462 | Crypt:3  | Found a staircase to the Tomb.
 67088 | Slime:1  | Entered Level 1 of the Pits of Slime
 67117 | Lair:6   | HP: 54/236 [acid (8)]
 67532 | Slime:1  | Reached skill level 12 in Evocations
 67825 | Slime:2  | Reached skill level 14 in Shields
 67837 | Slime:2  | Reached skill level 14 in Armour
 67955 | Slime:3  | Reached skill level 14 in Dodging
 68468 | Slime:5  | Entered Level 5 of the Pits of Slime
 68492 | Slime:5  | Noticed the Royal Jelly
 68504 | Slime:4  | Reached XP level 27. HP: 99/240 MP: 36/36
 68778 | Slime:5  | Killed the Royal Jelly
 68778 | Slime:5  | Reached skill level 21 in Invocations
 68791 | Slime:4  | HP: 35/230 [acid blob (25)]
 68796 | Slime:4  | HP: 53/249 [azure jelly (3)]
 68801 | Slime:4  | HP: 62/249 [acid (1)]
 69197 | Slime:5  | Reached skill level 21 in Fighting
 69476 | Slime:5  | Found the +4 moon troll leather armour {Spirit, Regen++
                  | MP+5}
 69477 | Slime:5  | Found the +7 lajatang of Order {silver, rMut}
 69478 | Slime:5  | Found the +2 shield of Resistance {rF+ rC+ MR+}
 69519 | Slime:5  | Got a vibrating brass ring
 69534 | Slime:5  | Identified the ring of Mesch {rN+ Int+8} (You found it on
                  | level 5 of the Pits of Slime)
 69552 | Slime:5  | Got a scorched chain mail
 69556 | Slime:5  | Got a slimy rune of Zot
 69568 | Slime:5  | Identified the +4 chain mail of Cheibriados's Reproof
                  | {+Fly} (You found it on level 5 of the Pits of Slime)
 69597 | Slime:5  | Got a warped scale mail
 70099 | Vaults:3 | Bought a potion of agility for 80 gold pieces
 70099 | Vaults:3 | Bought a potion of heal wounds for 100 gold pieces
 70099 | Vaults:3 | Bought a potion of might for 80 gold pieces
 70099 | Vaults:3 | Bought a potion of might for 80 gold pieces
 70099 | Vaults:3 | Bought a potion of heal wounds for 100 gold pieces
 70099 | Vaults:3 | Bought a potion of cancellation for 160 gold pieces
 70111 | Vaults:3 | Bought a potion of haste for 200 gold pieces
 70111 | Vaults:3 | Bought a potion of might for 80 gold pieces
 70111 | Vaults:3 | Bought a potion of agility for 80 gold pieces
 70111 | Vaults:3 | Bought a potion of heal wounds for 100 gold pieces
 70121 | Vaults:3 | Bought a potion of invisibility for 112 gold pieces
 70217 | Vaults:5 | Entered Level 5 of the Vaults
 70291 | Vaults:5 | Reached skill level 22 in Axes
 70309 | Vaults:5 | Noticed Boris
 70320 | Vaults:5 | Killed Boris
 70374 | Vaults:5 | Identified the cursed +1 hunting sling "Uwnunuem" {flame,
                  | rF++ Str+4 Int+2}
 70852 | Vaults:5 | Reached skill level 15 in Shields
 70857 | Vaults:5 | Reached skill level 15 in Armour
 70901 | Vaults:5 | Reached skill level 15 in Dodging
 70919 | Vaults:5 | Noticed Mara
 70932 | Vaults:5 | Paralysed by a floating eye for 2 turns
 70933 | Vaults:5 | Noticed Mgcat's illusion
 70948 | Vaults:5 | Killed Mara
 71077 | Vaults:5 | Identified the +7 storm dragon scales of Cheibriados's Hope
                  | {rElec rPois Dex+3}
 71321 | Vaults:5 | Got a silver rune of Zot
 71481 | Vaults:5 | Got a creamy pearl robe
 71562 | Vaults:5 | Identified the Papyrus of Fiery Hexes
 72847 | Zot:1    | Entered Level 1 of the Realm of Zot
 72951 | Zot:1    | Noticed an orb of fire
 72956 | Zot:1    | Noticed an orb of fire
 72976 | Zot:1    | Killed an orb of fire
 72993 | Zot:1    | Killed an orb of fire
 73325 | Zot:1    | Reached skill level 22 in Invocations
 73348 | Zot:1    | HP: 61/254 [green draconian monk (3)]
 73457 | Zot:1    | Reached skill level 22 in Fighting
 73689 | Zot:1    | Noticed an orb of fire
 73708 | Zot:1    | Killed an orb of fire
 74155 | Zot:2    | Noticed an orb of fire
 74185 | Zot:2    | Killed an orb of fire
 75075 | D:8      | Bought a book of Battle for 600 gold pieces
 75079 | D:8      | Learned a level 3 spell: Regeneration
 75490 | Zot:3    | Noticed an orb of fire
 75535 | Zot:3    | Killed an orb of fire
 75535 | Zot:3    | Reached skill level 1 in Charms
 75535 | Zot:3    | Reached skill level 1 in Necromancy
 75615 | Zot:3    | Reached skill level 1 in Spellcasting
 76214 | Zot:3    | Reached skill level 2 in Necromancy
 76684 | Zot:4    | Reached skill level 2 in Charms
 76698 | Zot:4    | Reached skill level 2 in Spellcasting
 76706 | Zot:3    | Reached skill level 16 in Shields
 76874 | Zot:4    | Reached skill level 16 in Armour
 76884 | Zot:4    | Reached skill level 16 in Dodging
 77067 | Zot:4    | Reached skill level 3 in Necromancy
 77958 | Zot:5    | Entered Level 5 of the Realm of Zot
 78077 | Zot:5    | Noticed an orb of fire
 78099 | Zot:5    | Identified Buluon's Papyrus of the Twisted Entourage
 78121 | Zot:5    | Reached skill level 3 in Charms
 78272 | Zot:5    | Noticed an ancient lich
 78285 | Zot:5    | Noticed an orb of fire
 78288 | Zot:5    | Noticed an orb of fire
 78289 | Zot:5    | Killed an ancient lich
 78291 | Zot:5    | Noticed an orb of fire
 78293 | Zot:5    | Reached skill level 3 in Spellcasting
 78297 | Zot:5    | Killed an orb of fire
 78297 | Zot:5    | Reached skill level 4 in Necromancy
 78297 | Zot:5    | Reached skill level 13 in Evocations
 78297 | Zot:5    | Noticed an orb of fire
 78297 | Zot:5    | Noticed an ancient lich
 78312 | Zot:5    | Killed an orb of fire
 78324 | Zot:5    | Killed an ancient lich
 78324 | Zot:5    | Reached skill level 4 in Charms
 78334 | Zot:5    | Killed an orb of fire
 78362 | Zot:5    | Reached skill level 4 in Spellcasting
 78403 | Zot:5    | Noticed an orb of fire
 78416 | Zot:5    | Noticed an orb of fire
 78416 | Zot:5    | HP: 62/256 [electric golem/bolt of lightning (10)]
 78695 | Zot:5    | Reached skill level 5 in Necromancy
 78824 | Zot:5    | Killed an orb of fire
 78824 | Zot:5    | Reached skill level 23 in Axes
 78834 | Zot:5    | Noticed an ancient lich
 78835 | Zot:5    | Noticed an ancient lich
 78836 | Zot:5    | Noticed an orb of fire
 78842 | Zot:5    | HP: 57/256 [orb of fire/fireball (11)]
 78855 | Zot:5    | HP: 13/256 [Tzitzimitl/dispel undead[an ancient lich] (44)]
 78860 | Zot:5    | HP: 14/256 [ghost moth (4)]
 78863 | Zot:5    | Killed from afar by an electric golem

Levels and vault maps discovered:
D:1:      minmay_arrival_three_doors, layout_loops_corners, serial_glass,
          glass_columns_c, glass_columns_b
D:2:      layout_rooms, overflow_temple_1_default, guppyfry_early_orc_mine
D:3:      layout_basic, old_standard_altar, first_ration
D:4:      gammafunk_wand_slinger, layout_basic, old_standard_altar,
          minmay_temple_entry_enclosed_plants, uniq_edmund
D:5:      layout_basic, tgw_xom, lemuel_coloured_pillars_altar,
          kennysheep_little_box, kiku_gazebo_pond_becter,
          overflow_temple_1_default, basic_altar
D:6:      layout_loops_corners, nemelex_xobeh_ov_fountains_minmay,
          lemuel_crystal_altar, feat_on_display
D:7:      layout_basic, nicolae_dithmenos_shadow_blocks,
          fedhas_altar_fruit_tree, kennysheep_mini_moat, serial_shops, shop
D:8:      layout_basic, cheibrodos_ashenzari_chains, kennysheep_mini,
          nicolae_gozag_cash_rules_everything_around_me, serial_shops, shop
D:9:      layout_rooms, erik_lair_orcish_takeover, the_bakery, uniq_harold
D:10:     nzn_motion_control, layout_cave_pods, serial_shops,
          nicolae_shop_crystal, gammafunk_ghost_mausoleum
D:11:     layout_cave_pods, minmay_misc_feat_columns
D:12:     layout_roguey, hiddenorc2_lemuel, minmay_misc_feat_nine_boxes,
          minmay_crystal_water, lemuel_flame_loot_1, uniq_sonja
D:13:     layout_basic, david_vaults_4, gammafunk_ghost_necromancy,
          serial_shops, shop, nicolae_alphabet_shops,
          minmay_checkered_concentric_circles
D:14:     layout_roguey, serial_shops, shop, chequers_arboretum,
          onia_ninara_cookie, uniq_jorgrun, uniq_kirke
D:15:     hangedman_depths_entry_civil_slaughter, layout_long_grid,
          lemuel_tele_altar, minmay_strange_pillars, skrybe_limestone_x
Temple:   corrupted_temple
Lair:1:   layout_chaotic_city, kennysheep_abandoned_house
Lair:2:   layout_loops_ring, swamp_mist_pool
Lair:3:   layout_regular_city, small_statue_intersection, st_stairs_10,
          uniq_nergalle
Lair:4:   layout_regular_city, guppyfry_snake_entry_island,
          chequers_serial_rivers_micro_e, minmay_lair_oklob_chamber
Lair:5:   layout_regular_city, serial_bayou, serial_bayou_lagoon_b,
          serial_bayou_pond_a, serial_bayou_lagoon_a, serial_bayou_pond_a,
          serial_bayou_shore_a, serial_bayou_pond_e, uniq_rupert
Lair:6:   minmay_lair_end_enchanted_forest, layout_concentric_octagons,
          minmay_slime_entry_jelly_boxes, grunt_megastairs_2, uniq_josephine
Swamp:1:  layout_basic_swamp, evilmike_swamp_ruin_house_1
Swamp:2:  layout_falls_marsh, infiniplex_staircase_pool_2, swamp_pool2,
          uniq_aizul
Swamp:3:  layout_basic_swamp, evilmike_swamp_ruin_house_2, swamp_pool2
Swamp:4:  swamp_pestilence, layout_basic_swamp
Snake:1:  layout_misc_corridors, minmay_shop_star
Snake:2:  layout_basic, serial_shops, shop, guppyfry_snake_island
Snake:3:  layout_cave_town, minmay_shop_grove
Snake:4:  johnstein_snake_rune_scales, layout_cave_town, grunt_ministairs_6
Slime:1:  layout_caves
Slime:2:  layout_caves
Slime:3:  layout_caves
Slime:4:  layout_caves
Slime:5
Orc:1:    layout_caves, nicolae_orc_lava_room
Orc:2:    st_orc_town, layout_caves, serial_shops, shop, basic_altar,
          elves_outpost_lemuel
Elf:1:    eino_elf_arrival_altar, layout_geoelf_diagonals, basic_altar,
          hangedman_elf_represent, nrook_loot_triangle
Elf:2:    layout_onion_city
Elf:3:    nooodl_elf_gasket, layout_onion_city, serial_sigils_hangedman_carve,
          minmay_elf_sorcery
Vaults:1: v_alt_pattern_3, nicolae_vaults_little_squares_6,
          vaults_room_hangedman_quadrants, vaults_standard_mumra_x,
          nicolae_vaults_little_squares_6, vaults_dpeg_ring,
          layout_vaults_omnigrid, serial_shops, nicolae_shop_waterfront
Vaults:2: hangedman_vaults_trim, hangedman_vaults_stream,
          minmay_crypt_entry_simple_sparse, hangedman_vaults_nails,
          nicolae_vaults_an_arrangement, nicolae_vaults_rhombus_7,
          nicolae_vaults_arrows, v_misc_29, v_misc_13, v_rooms_3,
          vaults_room_mumra_shop_pool, v_misc_15, nicolae_vaults_specimen_jars,
          ontoclasm_vaults_twist, vaults_dpeg_encased_lava,
          layout_vaults_omnicross, uniq_xtahua
Vaults:3: v_misc_11, vaults_mumra_chevron, hangedman_vaults_hard_town_square,
          hangedman_vaults_stagger, grunt_vaults_diagonal, v_misc_1,
          vaults_mumra_lcd, hangedman_vaults_river_flow,
          nicolae_vaults_little_squares_4, ontoclasm_vaults_shuriken, v_misc_19,
          layout_vaults_chaotic_city
Vaults:4: grunt_vaults_funnel, hangedman_vaults_unwind,
          hangedman_vaults_stitches, v_pattern_2, vaults_room_corners,
          nicolae_vaults_network_periphery, ontoclasm_vaults_decontamination,
          nicolae_vaults_little_squares_1, layout_vaults_maze_snakey,
          uniq_saint_roka
Vaults:5: serial_shops, uniq_mara
Crypt:1:  layout_basic, st_stairs_13
Crypt:2:  layout_gridlike, uniq_margery, uniq_frederick
Crypt:3:  due_elkab, layout_chaotic_city, minmay_misc_feat_five
Depths:1: layout_cave_pools, abyss_entry, chequers_serial_rivers_marsh,
          hell_entry, hangedman_abyss_or_decor_passed, st_stairs_13,
          nrook_pool_corridor, kennysheep_cross_room, hallowed_hall, uniq_sojobo
Depths:2: minmay_inner_zag, layout_gridlike, abyss_entry, moated_statue,
          grunt_hell_entry_dis_grunt, infiniplex_staircase_pillars_1
Depths:3: kennysheep_water_balloons, layout_cave_pools, enter_ziggurat_d,
          abyss_entry, pf_coc_iceberg, pan_entry, infiniplex_staircase_pool_1
Depths:4: minmay_the_grid_triangle_9x9_rhombus_full
          [minmay_the_grid_triangle_9x9_wacky_v,
          minmay_the_grid_triangle_9x9_zippers_vertical,
          minmay_the_grid_triangle_9x9_sparse_checkered,
          minmay_the_grid_triangle_9x9_tough_junction,
          minmay_the_grid_triangle_9x9_skeleton,
          minmay_the_grid_triangle_9x9_longest,
          minmay_the_grid_triangle_9x9_impossible_snake,
          minmay_the_grid_triangle_9x9_prize_schism], layout_basic,
          hangedman_abyss_entry_splay, hell_entry, serial_shops,
          nicolae_shop_window_shopping, infiniplex_staircase_hallway_doors,
          uniq_boris
Depths:5: grunt_crosshair, layout_long_grid, pf_hell_entry_tar_spiral,
          pan_entry, abyss_entry, grunt_decor_arrowhead
Zot:1:    layout_basic
Zot:2:    layout_misc_corridors
Zot:3:    layout_misc_corridors, amethyst_zot_foddershock
Zot:4:    layout_cathedral_of_symmetry
Zot:5:    layout_misc_corridors, nrook_zot_tub

Skill      XL: |  1  2  3  4  5  6  7  8  9 10 11 12 13 14 15 16 17 18 19 20 21 22 23 24 25 26 27 |
---------------+----------------------------------------------------------------------------------+-----
Axes           | 3 4 6 7 8 9 10 11 14 15 17 18 19 20 21 23 | 23.0
Fighting       | 4 5 7 8 9 10 12 13 14 15 16 17 18 19 20 22 | 22.7
Armour         | 1 2 3 4 5 6 8 9 10 11 12 13 14 16 | 16.4
Invocations    | 1 4 5 8 9 11 12 13 14 18 19 20 22 | 22.7
Evocations     | 1 4 5 7 8 9 10 11 12 13 | 13.3
Dodging        | 4 5 6 8 9 10 11 12 13 14 16 | 16.3
Shields        | 4 6 8 9 10 11 12 13 14 16 | 16.4
Charms         | 4 |  4.9
Necromancy     | 5 |  5.3
Spellcasting   | 4 |  4.4
Stealth        | |  2.1

Action                   |  1- 3 |  4- 6 |  7- 9 | 10-12 | 13-15 | 16-18 | 19-21 | 22-24 | 25-27 || total
-------------------------+-------+-------+-------+-------+-------+-------+-------+-------+-------++-------
Melee: Hand axe          |   122 |   238 |   347 |       |       |       |       |       |       ||   707
       War axe           |       |       |    70 |   306 |       |       |       |       |       ||   376
       Broad axe         |       |       |       |   258 |  1052 |  1574 |  1378 |  1557 |  2731 ||  8550
       Executioner's axe |       |       |       |     3 |     1 |       |       |       |       ||     4
Throw: Tomahawk          |       |       |       |     2 |       |       |       |       |       ||     2
Invok: Upheaval          |       |       |       |     2 |     6 |    13 |    11 |     8 |    19 ||    59
       Elemental Force   |       |       |       |       |     6 |     9 |     1 |     1 |     3 ||    20
       Disaster Area     |       |       |       |       |     1 |       |     2 |       |     9 ||    12
 Abil: Evoke Invisibilit |       |       |       |       |       |       |       |       |     3 ||     3
Evoke: Wand              |       |       |    19 |    12 |    36 |    18 |     1 |     1 |     8 ||    95
       Lightning rod     |       |       |       |       |     4 |       |       |       |     5 ||     9
       Lamp of fire      |       |       |       |       |       |       |       |       |     1 ||     1
       Box of beasts     |       |       |       |       |       |       |       |       |     3 ||     3
       Phantom mirror    |       |       |       |       |       |       |       |       |     2 ||     2
  Use: Potion            |     2 |     1 |     2 |     2 |     3 |     3 |     2 |     6 |    28 ||    49
       Scroll            |       |    14 |     5 |    11 |    12 |    12 |     8 |    10 |    38 ||   110
 Stab: Sleeping          |     2 |       |       |       |       |       |       |       |       ||     2
       Distracted        |       |       |       |       |     1 |     2 |     2 |       |     2 ||     7
       Confused          |       |       |       |       |       |     4 |       |       |       ||     4
       Invisible         |       |       |       |       |       |       |       |       |     4 ||     4
  Eat: Chunk             |     3 |    12 |    18 |    31 |    37 |    37 |    47 |   107 |   125 ||   417
       Ration            |       |     1 |     3 |     1 |     1 |     6 |     6 |     1 |     8 ||    27
Armor: Robe              |     6 |       |       |       |       |       |       |       |       ||     6
       Leather armour    |     6 |       |       |       |       |       |       |       |       ||     6
       Chain mail        |    17 |   104 |   154 |   219 |   249 |       |       |       |       ||   743
       Plate armour      |       |       |       |       |    80 |   437 |   230 |   188 |       ||   935
       Gold dragon scale |       |       |       |       |       |       |       |   266 |  1340 ||  1606
Dodge: Dodged            |    52 |   102 |   249 |   293 |   368 |   292 |   184 |   295 |   880 ||  2715
       Deflected         |       |       |     3 |     9 |     9 |    48 |    29 |    25 |    58 ||   181
Block: Other             |       |     3 |    62 |   248 |   135 |       |       |       |       ||   448
       Reflection        |       |       |       |     8 |       |       |       |       |       ||     8
       Large shield      |       |       |       |       |   628 |  1729 |  1354 |  1781 |  1857 ||  7349
       Buckler           |       |       |       |       |    77 |       |       |       |       ||    77
       Shield            |       |       |       |       |       |       |       |       |  1440 ||  1440
       Rpst.: Broad axe  |       |       |       |    36 |    88 |    60 |    35 |    53 |   120 ||   392
       War axe           |       |       |       |    14 |       |       |       |       |       ||    14
       Executioner's axe |       |       |       |       |     1 |       |       |       |       ||     1

Table legend:
 A = Non-vault XP
 B = Vault XP
 C = Vault XP percentage of total XP
 D = Non-vault monster count
 E = Vault monster count
 F = Vault count percentage of total count
                 A         B        C        D         E       F
            +---------+---------+-------+---------+---------+-------
      Total | 1051964 |  787055 |  42.8 |    1793 |     906 |  33.6
            +---------+---------+-------+---------+---------+-------
        D:1 |      30 |       0 |   0.0 |      15 |       0 |   0.0
        D:2 |     189 |      17 |   8.3 |      22 |       7 |  24.1
        D:3 |     175 |       0 |   0.0 |      15 |       0 |   0.0
        D:4 |     433 |     166 |  27.7 |      13 |       1 |   7.1
        D:5 |     670 |      18 |   2.6 |      17 |       5 |  22.7
        D:6 |     941 |       0 |   0.0 |      19 |       0 |   0.0
        D:7 |    1048 |       0 |   0.0 |      21 |       0 |   0.0
        D:8 |    2854 |     211 |   6.9 |      46 |       1 |   2.1
        D:9 |    1124 |    1610 |  58.9 |      31 |      10 |  24.4
       D:10 |    4636 |    3424 |  42.5 |      46 |       8 |  14.8
       D:11 |    2670 |       0 |   0.0 |      27 |       0 |   0.0
       D:12 |    6069 |    1110 |  15.5 |      33 |      32 |  49.2
       D:13 |    3862 |   11876 |  75.5 |      20 |      18 |  47.4
       D:14 |    7847 |   10334 |  56.8 |      21 |      19 |  47.5
       D:15 |   12858 |    4799 |  27.2 |      36 |       6 |  14.3
     Lair:1 |    3614 |     528 |  12.7 |      13 |      15 |  53.6
     Lair:2 |    5742 |     999 |  14.8 |      22 |       1 |   4.3
     Lair:3 |    6483 |     986 |  13.2 |      36 |       3 |   7.7
     Lair:4 |    9292 |    1723 |  15.6 |      27 |       6 |  18.2
     Lair:5 |    6219 |    3321 |  34.8 |      28 |       5 |  15.2
     Lair:6 |   23562 |   14755 |  38.5 |      49 |      78 |  61.4
    Swamp:1 |   12670 |       0 |   0.0 |      43 |       0 |   0.0
    Swamp:2 |    9107 |    1246 |  12.0 |      18 |       1 |   5.3
    Swamp:3 |    7480 |       0 |   0.0 |      22 |       0 |   0.0
    Swamp:4 |    8259 |   14449 |  63.6 |      21 |      45 |  68.2
    Snake:1 |   14490 |       0 |   0.0 |      24 |       0 |   0.0
    Snake:2 |   15509 |    1109 |   6.7 |      28 |       3 |   9.7
    Snake:3 |   25157 |       0 |   0.0 |      42 |       0 |   0.0
    Snake:4 |   26825 |   42321 |  61.2 |      51 |      67 |  56.8
    Slime:1 |   17723 |       0 |   0.0 |      33 |       0 |   0.0
    Slime:2 |   11933 |       0 |   0.0 |      27 |       0 |   0.0
    Slime:3 |    8575 |       0 |   0.0 |      14 |       0 |   0.0
    Slime:4 |   17936 |    3798 |  17.5 |      29 |       3 |   9.4
    Slime:5 |    7925 |   27331 |  77.5 |       8 |      12 |  60.0
      Orc:1 |    2789 |     460 |  14.2 |      23 |       1 |   4.2
      Orc:2 |    1650 |    9066 |  84.6 |      16 |      57 |  78.1
      Elf:1 |    7794 |    9132 |  54.0 |      17 |      13 |  43.3
      Elf:2 |   10152 |   22737 |  69.1 |      17 |      27 |  61.4
      Elf:3 |   27331 |   61965 |  69.4 |      44 |      48 |  52.2
   Vaults:1 |   27487 |    5078 |  15.6 |      54 |       5 |   8.5
   Vaults:2 |   19177 |   62628 |  76.6 |      39 |      83 |  68.0
   Vaults:3 |   31288 |   12740 |  28.9 |      52 |      18 |  25.7
   Vaults:4 |   42038 |   31347 |  42.7 |      67 |      48 |  41.7
   Vaults:5 |   52562 |  129112 |  71.1 |      77 |      92 |  54.4
    Crypt:1 |   39492 |     915 |   2.3 |      53 |       1 |   1.9
    Crypt:2 |   47563 |   14084 |  22.8 |      62 |       9 |  12.7
    Crypt:3 |   34439 |   43617 |  55.9 |      42 |      62 |  59.6
   Depths:1 |   20685 |   18045 |  46.6 |      28 |       7 |  20.0
   Depths:2 |   27301 |    5596 |  17.0 |      28 |       6 |  17.6
   Depths:3 |   24672 |   14259 |  36.6 |      42 |       7 |  14.3
   Depths:4 |   54509 |   50875 |  48.3 |      54 |      25 |  31.6
   Depths:5 |   59551 |   22378 |  27.3 |      37 |      17 |  31.5
      Zot:1 |   76946 |       0 |   0.0 |      35 |       0 |   0.0
      Zot:2 |   56902 |       0 |   0.0 |      27 |       0 |   0.0
      Zot:3 |   38117 |   11116 |  22.6 |      22 |       5 |  18.5
      Zot:4 |   41684 |       0 |   0.0 |      25 |       0 |   0.0
      Zot:5 |   23928 |  115774 |  82.9 |      15 |      29 |  65.9
            +---------+---------+-------+---------+---------+-------

Levels and vault maps discovered:
D:1:      minmay_arrival_three_doors, layout_loops_corners, serial_glass,
          glass_columns_c, glass_columns_b
D:2:      layout_rooms, overflow_temple_1_default, guppyfry_early_orc_mine
D:3:      layout_basic, old_standard_altar, first_ration
D:4:      gammafunk_wand_slinger, layout_basic, old_standard_altar,
          minmay_temple_entry_enclosed_plants, uniq_edmund
D:5:      layout_basic, tgw_xom, lemuel_coloured_pillars_altar,
          kennysheep_little_box, kiku_gazebo_pond_becter,
          overflow_temple_1_default, basic_altar
D:6:      layout_loops_corners, nemelex_xobeh_ov_fountains_minmay,
          lemuel_crystal_altar, feat_on_display
D:7:      layout_basic, nicolae_dithmenos_shadow_blocks,
          fedhas_altar_fruit_tree, kennysheep_mini_moat, serial_shops, shop
D:8:      layout_basic, cheibrodos_ashenzari_chains, kennysheep_mini,
          nicolae_gozag_cash_rules_everything_around_me, serial_shops, shop
D:9:      layout_rooms, erik_lair_orcish_takeover, the_bakery, uniq_harold
D:10:     nzn_motion_control, layout_cave_pods, serial_shops,
          nicolae_shop_crystal, gammafunk_ghost_mausoleum
D:11:     layout_cave_pods, minmay_misc_feat_columns
D:12:     layout_roguey, hiddenorc2_lemuel, minmay_misc_feat_nine_boxes,
          minmay_crystal_water, lemuel_flame_loot_1, uniq_sonja
D:13:     layout_basic, david_vaults_4, gammafunk_ghost_necromancy,
          serial_shops, shop, nicolae_alphabet_shops,
          minmay_checkered_concentric_circles
D:14:     layout_roguey, serial_shops, shop, chequers_arboretum,
          onia_ninara_cookie, uniq_jorgrun, uniq_kirke
D:15:     hangedman_depths_entry_civil_slaughter, layout_long_grid,
          lemuel_tele_altar, minmay_strange_pillars, skrybe_limestone_x
Temple:   corrupted_temple
Lair:1:   layout_chaotic_city, kennysheep_abandoned_house
Lair:2:   layout_loops_ring, swamp_mist_pool
Lair:3:   layout_regular_city, small_statue_intersection, st_stairs_10,
          uniq_nergalle
Lair:4:   layout_regular_city, guppyfry_snake_entry_island,
          chequers_serial_rivers_micro_e, minmay_lair_oklob_chamber
Lair:5:   layout_regular_city, serial_bayou, serial_bayou_lagoon_b,
          serial_bayou_pond_a, serial_bayou_lagoon_a, serial_bayou_pond_a,
          serial_bayou_shore_a, serial_bayou_pond_e, uniq_rupert
Lair:6:   minmay_lair_end_enchanted_forest, layout_concentric_octagons,
          minmay_slime_entry_jelly_boxes, grunt_megastairs_2, uniq_josephine
Swamp:1:  layout_basic_swamp, evilmike_swamp_ruin_house_1
Swamp:2:  layout_falls_marsh, infiniplex_staircase_pool_2, swamp_pool2,
          uniq_aizul
Swamp:3:  layout_basic_swamp, evilmike_swamp_ruin_house_2, swamp_pool2
Swamp:4:  swamp_pestilence, layout_basic_swamp
Snake:1:  layout_misc_corridors, minmay_shop_star
Snake:2:  layout_basic, serial_shops, shop, guppyfry_snake_island
Snake:3:  layout_cave_town, minmay_shop_grove
Snake:4:  johnstein_snake_rune_scales, layout_cave_town, grunt_ministairs_6
Slime:1:  layout_caves
Slime:2:  layout_caves
Slime:3:  layout_caves
Slime:4:  layout_caves
Slime:5
Orc:1:    layout_caves, nicolae_orc_lava_room
Orc:2:    st_orc_town, layout_caves, serial_shops, shop, basic_altar,
          elves_outpost_lemuel
Elf:1:    eino_elf_arrival_altar, layout_geoelf_diagonals, basic_altar,
          hangedman_elf_represent, nrook_loot_triangle
Elf:2:    layout_onion_city
Elf:3:    nooodl_elf_gasket, layout_onion_city, serial_sigils_hangedman_carve,
          minmay_elf_sorcery
Vaults:1: v_alt_pattern_3, nicolae_vaults_little_squares_6,
          vaults_room_hangedman_quadrants, vaults_standard_mumra_x,
          nicolae_vaults_little_squares_6, vaults_dpeg_ring,
          layout_vaults_omnigrid, serial_shops, nicolae_shop_waterfront
Vaults:2: hangedman_vaults_trim, hangedman_vaults_stream,
          minmay_crypt_entry_simple_sparse, hangedman_vaults_nails,
          nicolae_vaults_an_arrangement, nicolae_vaults_rhombus_7,
          nicolae_vaults_arrows, v_misc_29, v_misc_13, v_rooms_3,
          vaults_room_mumra_shop_pool, v_misc_15, nicolae_vaults_specimen_jars,
          ontoclasm_vaults_twist, vaults_dpeg_encased_lava,
          layout_vaults_omnicross, uniq_xtahua
Vaults:3: v_misc_11, vaults_mumra_chevron, hangedman_vaults_hard_town_square,
          hangedman_vaults_stagger, grunt_vaults_diagonal, v_misc_1,
          vaults_mumra_lcd, hangedman_vaults_river_flow,
          nicolae_vaults_little_squares_4, ontoclasm_vaults_shuriken, v_misc_19,
          layout_vaults_chaotic_city
Vaults:4: grunt_vaults_funnel, hangedman_vaults_unwind,
          hangedman_vaults_stitches, v_pattern_2, vaults_room_corners,
          nicolae_vaults_network_periphery, ontoclasm_vaults_decontamination,
          nicolae_vaults_little_squares_1, layout_vaults_maze_snakey,
          uniq_saint_roka
Vaults:5: serial_shops, uniq_mara
Crypt:1:  layout_basic, st_stairs_13
Crypt:2:  layout_gridlike, uniq_margery, uniq_frederick
Crypt:3:  due_elkab, layout_chaotic_city, minmay_misc_feat_five
Depths:1: layout_cave_pools, abyss_entry, chequers_serial_rivers_marsh,
          hell_entry, hangedman_abyss_or_decor_passed, st_stairs_13,
          nrook_pool_corridor, kennysheep_cross_room, hallowed_hall, uniq_sojobo
Depths:2: minmay_inner_zag, layout_gridlike, abyss_entry, moated_statue,
          grunt_hell_entry_dis_grunt, infiniplex_staircase_pillars_1
Depths:3: kennysheep_water_balloons, layout_cave_pools, enter_ziggurat_d,
          abyss_entry, pf_coc_iceberg, pan_entry, infiniplex_staircase_pool_1
Depths:4: minmay_the_grid_triangle_9x9_rhombus_full
          [minmay_the_grid_triangle_9x9_wacky_v,
          minmay_the_grid_triangle_9x9_zippers_vertical,
          minmay_the_grid_triangle_9x9_sparse_checkered,
          minmay_the_grid_triangle_9x9_tough_junction,
          minmay_the_grid_triangle_9x9_skeleton,
          minmay_the_grid_triangle_9x9_longest,
          minmay_the_grid_triangle_9x9_impossible_snake,
          minmay_the_grid_triangle_9x9_prize_schism], layout_basic,
          hangedman_abyss_entry_splay, hell_entry, serial_shops,
          nicolae_shop_window_shopping, infiniplex_staircase_hallway_doors,
          uniq_boris
Depths:5: grunt_crosshair, layout_long_grid, pf_hell_entry_tar_spiral,
          pan_entry, abyss_entry, grunt_decor_arrowhead
Zot:1:    layout_basic
Zot:2:    layout_misc_corridors
Zot:3:    layout_misc_corridors, amethyst_zot_foddershock
Zot:4:    layout_cathedral_of_symmetry
Zot:5:    layout_misc_corridors, nrook_zot_tub

Table legend:
 A = Turns spent in this place as a percentage of turns spent in the entire game.
 B = Non-inter-level travel turns spent in this place as a percentage of non-inter-level travel turns spent in the entire game.
 C = Inter-level travel turns spent in this place as a percentage of turns spent in this place.
 D = Turns resting spent in this place as a percentage of non-inter-level travel turns spent in this place.
 E = Turns spent auto-exploring this place as a percentage of non-inter-level travel turns spent in this place.
 F = Non-inter-level travel turns spent in this place divided by the number of levels of this place that you've seen.
                   A       B       C       D       E      F
               +-------+-------+-------+-------+-------+----------------------
         Total | 100.0 | 100.0 |   9.7 |  22.9 |  52.0 | 1228.1
       Dungeon |  27.1 |  26.4 |  12.1 |  22.8 |  54.8 | 1252.3
        Temple |   0.4 |   0.4 |   4.3 |  81.6 |   7.9 | 315.0
          Lair |  12.5 |  12.4 |   9.9 |  36.7 |  46.2 | 1477.5
         Swamp |   5.1 |   5.3 |   6.7 |   7.4 |  64.7 | 939.0
     Snake Pit |   7.5 |   7.9 |   5.9 |  21.8 |  51.2 | 1398.2
    Slime Pits |   2.9 |   3.1 |   2.8 |  67.2 |   1.7 | 438.0
  Orcish Mines |   2.7 |   2.5 |  17.0 |  16.3 |  58.3 | 894.0
   Elven Halls |   5.9 |   5.8 |  11.0 |   5.3 |  64.6 | 1368.3
        Vaults |  13.5 |  13.5 |   9.8 |  23.3 |  50.1 | 1925.8
         Crypt |   5.1 |   5.3 |   5.0 |  14.6 |  54.6 | 1269.0
        Depths |  10.4 |  10.1 |  12.2 |  13.2 |  57.8 | 1440.0
           Zot |   6.9 |   7.3 |   4.6 |  25.6 |  48.6 | 1039.4
               +-------+-------+-------+-------+-------+----------------------

Table legend:
 A = Kills in this place as a percentage of kills in entire the game.
 B = Kills by you in this place as a percentage of kills by you in the entire game.
 C = Kills by friends in this place as a percentage of kills by friends in the entire game.
 D = Other kills in this place as a percentage of other kills in the entire game.
 E = Experience gained in this place as a percentage of experience gained in the entire game.
 F = Experience gained in this place divided by the number of levels of this place that you have seen.
                   A       B       C       D       E      F
               +-------+-------+-------+-------+-------+----------------------
         Total | 100.0 | 100.0 | 100.0 | 100.0 | 100.0 | 31707.2
       Dungeon |  18.1 |  18.4 |   6.0 |   5.3 |   4.3 | 5264.7
          Lair |  10.5 |  10.6 |   8.0 |   5.3 |   4.2 | 12870.7
         Swamp |   5.6 |   5.4 |  10.0 |  10.5 |   2.9 | 13302.8
     Snake Pit |   8.0 |   7.8 |  18.0 |   5.3 |   6.8 | 31352.8
    Slime Pits |   4.7 |   4.8 |   2.0 |   0.0 |   5.2 | 19044.2
  Orcish Mines |   3.6 |   2.8 |  44.0 |  10.5 |   0.8 | 6982.5
   Elven Halls |   6.2 |   6.2 |   0.0 |  15.8 |   7.6 | 46370.3
        Vaults |  19.8 |  20.2 |   4.0 |  10.5 |  22.5 | 82691.4
         Crypt |   8.5 |   8.6 |   8.0 |   0.0 |   9.8 | 60036.7
        Depths |   9.3 |   9.5 |   0.0 |   5.3 |  16.2 | 59574.2
           Zot |   5.9 |   5.8 |   0.0 |  31.6 |  19.8 | 72893.4
               +-------+-------+-------+-------+-------+----------------------
